 Dungeon Crawl Stone Soup version 0.27.1-2-g3b301248ec (webtiles) character file.

Game seed: 10920477171954554253

88 Borgoz the Skirmisher (level 4, 0/29 HPs)
             Began as a Gargoyle Berserker on Sept 27, 2021.
             Was a Believer of Trog.
             Slain by Robin (4 damage)
             ... on level 3 of the Dungeon.
             The game lasted 00:02:23 (1700 turns).

Borgoz the Skirmisher (Gargoyle Berserker)          Turns: 1700, Time: 00:02:23

Health: 0/29       AC: 14    Str: 22    XL:     4   Next: 53%
Magic:  4/4        EV: 11    Int:  7    God:    Trog [**....]
Gold:   72         SH:  5    Dex:  9    Spells: 3/3 levels left

rFire    . . .     SeeInvis .   a - +0 mace (freeze)
rCold    . . .     Faith    .   (no shield)
rNeg     + . .     Spirit   .   m - +0 ring mail
rPois    ∞         Reflect  +   (no helmet)
rElec    +         Harm     .   d - +1 cloak
rCorr    .         Rampage  .   (no gloves)
Will     .....                  k - +2 pair of boots {Fly}
Stlth    ..........             b - amulet of reflection
HPRegen  0.09/turn              (no ring)
MPRegen  0.09/turn              (no ring)

@: flying, invisible
A: sickness immunity, AC +3, negative energy resistance 1, electricity
resistance, torment resistance 1, petrification resistance
a: Renounce Religion, Berserk, Trog's Hand


You were on level 3 of the Dungeon.
You worshipped Trog.
Trog was pleased with you.
You visited 1 branch of the dungeon, and saw 3 of its levels.

You collected 72 gold pieces.

Inventory:

Hand Weapons
 a - a +0 mace of freezing (weapon)
Missiles
 h - a throwing net (quivered)
Armour
 d - a +1 cloak (worn)
 k - a +2 pair of boots of flying (worn)
 m - a +0 ring mail (worn)
Jewellery
 b - an amulet of reflection (around neck)
Wands
 e - a wand of digging (6)
Potions
 c - a potion of heal wounds {unknown}
 f - a potion of invisibility


   Skills:
 + Level 4.0 Fighting
 + Level 3.6 Maces & Flails
 + Level 3.1 Armour
 + Level 2.3 Dodging


You had 3 spell levels left.
You didn't know any spells.
Your spell library was empty.

Dungeon Overview and Level Annotations

Branches:
Dungeon (3/15)

Altars:

Annotations:
D:3 Robin


Innate Abilities, Weirdness & Mutations

You are immune to sickness and miasma.
Your stone body is resilient. (AC +3)
You are immune to poison.
You resist negative energy. (rN+)
You are resistant to electric shocks. (rElec)
You are resistant to unholy torment.
You are immune to petrification.


Message History

The giant cockroach bites you but does no damage.
The gnoll hits you from afar with a +0 halberd.
The goblin barely misses you. The giant cockroach misses you.
You barely miss the giant cockroach.
The giant cockroach is almost dead.
Robin says, "Duck!"
You block the giant cockroach's attack. You block the goblin's attack.
The gnoll hits you but does no damage.
You completely miss the giant cockroach.
The giant cockroach is almost dead.
The giant cockroach misses you.
A goblin comes into view. It is wielding a +0 dagger.
The goblin hits you with a +0 dagger.
The gnoll hits you from afar with a +0 halberd!
The giant cockroach closely misses you.
The goblin shouts!
You hit the giant cockroach. You freeze the giant cockroach.
You kill the giant cockroach!
Trog accepts your kill. The goblin hits you but does no damage.
You block the gnoll's attack.
Robin roars a battlecry!
The goblins go into a battle-frenzy!
The goblin completely misses you.
You hear a shout!
You hit the goblin. You freeze the goblin.
You kill the goblin!
Trog accepts your kill.
You barely miss Robin. Robin misses you. The gnoll barely misses you.
You closely miss Robin. Robin barely misses you. The gnoll barely misses you.
The gnoll hits you from afar with a +0 halberd!
* * * LOW HITPOINT WARNING * * *
You are too injured to fight recklessly!
You are too injured to fight recklessly!
You are too injured to fight recklessly!
You are too injured to fight recklessly!
Unknown command.
You aren't carrying any scrolls.
You fade into invisibility!
Robin hits you with a +0 whip.
You die...

...... ..#........
...........
..........###
.#.......>..
.##......... #
..#....# ..######
.#### #.#....#
#.#....##g.....
#......###.#..#.@gg#
###....##..'.#..#g..#
###..#....##....#...#
.†.....##########....#
......## .....#
.)†....# ...#...
..)..#.# ...###.
.....#.# .$.# .....#..


You could see Robin, 2 gnolls and a goblin (strong).

Vanquished Creatures
  2 adders
  A worm (D:3)
  A dart slug (D:1)
  2 orcs (D:3)
  2 ball pythons
  4 bats
  4 endoplasms
  3 giant cockroaches
  8 goblins
  4 hobgoblins
  8 jackals (D:1)
  A quokka (D:2)
  2 frilled lizards
  6 kobolds
  8 rats
56 creatures vanquished.

Notes
Turn   | Place    | Note
-------+----------+-------------------------------------------
     0 | D:1      | Borgoz the Gargoyle Berserker began the quest for the Orb.
     0 | D:1      | Reached XP level 1. HP: 14/14 MP: 1/1
   202 | D:1      | Reached XP level 2. HP: 17/19 MP: 2/2
   453 | D:1      | Reached XP level 3. HP: 17/23 MP: 3/3
   982 | D:2      | Reached ** piety under Trog
  1257 | D:2      | Reached XP level 4. HP: 27/29 MP: 4/4
  1566 | D:3      | Reached skill level 4 in Fighting
  1691 | D:3      | Noticed Robin
  1700 | D:3      | Slain by Robin

Illustrated notes

Levels and vault maps discovered:
D:1:      psy_arrival_conway, layout_basic
D:2:      layout_basic
D:3:      layout_rooms, kennysheep_generic_room_14, uniq_robin,
          uniq_crazy_yiuf_cottage

Skill      XL: |  1  2  3  4 |
---------------+-------------+-----
Dodging        | 2 |  2.3
Armour         | 3 |  3.1
Fighting       | 4 |  4.0
Maces & Flails | |  3.6

Action                   |  1- 3 |  4- 6 || total
-------------------------+-------+-------++-------
Melee: Mace              |    84 |    59 ||   143
Invok: Berserk           |     3 |     1 ||     4
  Use: Scroll            |     7 |     4 ||    11
       Potion            |       |     1 ||     1
Armor: Animal skin       |    40 |       ||    40
       Ring mail         |     2 |    38 ||    40
Dodge: Dodged            |    74 |    72 ||   146
Block: Other             |     1 |    24 ||    25
       Reflection        |       |     1 ||     1
